cohdb
Replays
Latest Replays
All Replays
Popular Replays
Top Player Replays
Match Explorer
How It Works
Community
CoH3 Stats
Reddit
Sign in to upload your games and track your stats! →
Sign in with Steam
Match 41854650
Unlisted
Match 41854650
Overview
Messages
Build Orders
End
Construct Section Command Post
Selects Canadian Shock Battlegroup
Infantry Section
Infantry Section
Royal Engineer Section
Grenade Package
Selects Offensive Resupply
Selects Canadian Shock Section
Canadian Shock Section
Squeegeez
APACHE
Kapitan Kastet
Turtleboy
SonarPulse
73TBN_OPR2
0
0
Comments
sign in to comment!
No comments posted yet!